 Dungeon Crawl Stone Soup version 0.30-a0-310-g7d6cbdfea6 (webtiles) character file.

Game seed: 11176805505252201947

3500 Biblin the Cleaver (level 10, -3/89 HPs)
             Began as a Hill Orc Fighter on Oct 24, 2022.
             Was an Elder of Okawaru.
             Slain by an ice beast (5 damage)
             ... on level 8 of the Dungeon.
             The game lasted 00:22:10 (8675 turns).

Biblin the Cleaver (Hill Orc Fighter)               Turns: 8675, Time: 00:22:11

Health: -3/89      AC: -1    Str: 24    XL:     10   Next: 7%
Magic:  9/10       EV:  6    Int:  8    God:    Okawaru [****..]
Gold:   401        SH: 10    Dex: 10    Spells: 9/9 levels left

rFire   . . .      SeeInvis .    a - +0 war axe
rCold   . . .      Faith    .    c - +0 buckler
rNeg    . . .      Spirit   .    C - +0 plate armour
rPois   .          Reflect  +    (no helmet)
rElec   .          Harm     .    (no cloak)
rCorr   .          Rampage  .    (no gloves)
Will    .....                    B - +0 pair of boots
Stlth   ..........               b - amulet of reflection
HPRegen 0.34/turn                (no ring)
MPRegen 0.12/turn                (no ring)

@: mighty, corroded
A: no striking features
a: Renounce Religion, Heroism, Finesse


You were on level 8 of the Dungeon.
You worshipped Okawaru.
Okawaru was greatly pleased with you.
You visited 2 branches of the dungeon, and saw 9 of its levels.
You also visited: Sewer and Ossuary.

You collected 401 gold pieces.

Inventory:

Hand Weapons
 a - a +0 war axe (weapon)
 d - a +2 flail of protection
 m - a +2 dagger of venom
 D - a +2 quarterstaff of chaos
Missiles
 F - 2 throwing nets (quivered)
Armour
 c - a +0 buckler (worn)
 B - a +0 pair of boots (worn)
 C - a +0 plate armour (worn)
Jewellery
 b - an amulet of reflection (around neck)
Wands
 f - a wand of digging (7)
 p - a wand of acid (7)
 A - a wand of flame (4)
Scrolls
 k - 2 scrolls of enchant armour
 q - 6 scrolls of teleportation
 s - a scroll of blinking
 t - 2 scrolls of poison
 u - a scroll of vulnerability
 w - a scroll of amnesia
 x - a scroll of magic mapping
 y - 3 scrolls of summoning
 E - 2 scrolls of enchant weapon
 G - a scroll of identify
Potions
 g - 9 potions of curing
 h - a potion of heal wounds
 i - 7 potions of haste
 j - 4 potions of flight
 l - 2 potions of brilliance
 n - 3 potions of magic
 o - 3 potions of cancellation
 r - a potion of resistance
 v - a potion of mutation
 z - a potion of invisibility


   Skills:
 * Level 8.3 Fighting
 * Level 13.2 Axes
 * Level 7.8 Armour
 + Level 5.4 Shields
 + Level 0.1 Invocations


You had 9 spell levels left.
You didn't know any spells.
Your spell library contained the following spells:

 Spells                   Type           Power      Damage    Failure   Level
 Slow                     Hex            0%         N/A       100%        1
 Cigotuvi's Dreadful Rot  Necr/Pois/Air  0%         N/A       100%        2
 Poisonous Vapours        Pois/Air       0%         N/A       100%        2
 Confusing Touch          Hex            0%         N/A       100%        3
 Mephitic Cloud           Conj/Pois/Air  0%         N/A       100%        3
 Vampiric Draining        Necr           0%         2d6       100%        3


Dungeon Overview and Level Annotations

Branches:
Dungeon (8/15)             Temple (1/1) D:4           Sewer (visited)
Ossuary (visited)
   Lair: D:8-11

Altars:
Ashenzari
Cheibriados
Dithmenos
Elyvilon
Fedhas
Gozag
Hepliaklqana
Kikubaaqudgha
Makhleb
Nemelex Xobeh
Okawaru
Qazlal
Sif Muna
Trog
Uskayaw
Vehumet
Xom
Yredelemnul
Zin
The Shining One

Shops:
D:5 :(

Annotations:
D:4 exclusion: statue


Message History

The acid dragon barely misses you. You block the acid dragon's attack.
You slash the acid dragon!
The acid dragon is severely wounded.
You block the acid dragon's attack. x2
You barely miss the acid dragon.
The acid dragon is severely wounded.
You block the acid dragon's attack. The acid dragon claws you.
You hit the acid dragon but do no damage.
The acid dragon is severely wounded.
You hit the acid dragon.
The acid dragon is severely wounded.
The acid dragon spits acid at you. The splash of acid hits you!!
* * * LOW HITPOINT WARNING * * *
The acid corrodes you!
You feel much better. You block the acid dragon's attack.
The acid dragon claws you.
* * * LOW HITPOINT WARNING * * *
You feel very mighty all of a sudden. You block the acid dragon's attack.
The acid dragon claws you.
* * * LOW HITPOINT WARNING * * *
You barely miss the acid dragon.
The acid dragon is severely wounded.
The acid dragon spits acid at you. The splash of acid hits you!
* * * LOW HITPOINT WARNING * * *
The acid corrodes you!
You hit the acid dragon but do no damage.
The acid dragon is severely wounded.
The acid dragon bites you!
* * * LOW HITPOINT WARNING * * *
The acid dragon claws you.
* * * LOW HITPOINT WARNING * * *
You slash the acid dragon!
You kill the acid dragon!
Okawaru accepts your kill.
The acid dragon scales are intact enough to wear.
You feel like a meek peon again. The ice beast hits you.
You die...

#.# #...)).......#
#.# #.###.........
#.###.###)#)##.###
#.....)...#.......
#.....########.###
#.##### ##'##
#.####.### ##...##
#........# ##.....#
#..###@#..#
##....... # #Y#...#
#...!.... ... ....
+<.......
##.....####........
###..## ##.......
.## ##.....# .#
##...## # ##+##


You could see an ice beast.

Vanquished Creatures
  Maggie (D:6)
  An acid dragon (D:8)
  Edmund (D:5)
  A water moccasin (D:6)
  3 ice beasts
  2 ogres
  2 orc warriors
  2 centaurs
  2 phantoms (D:6)
  2 kobold brigands
  3 bullfrogs
  2 necrophages
  3 scorpions
  3 wights (D:6)
  4 hounds
  Crazy Yiuf (D:7)
  3 gnoll boudas
  An orc priest (D:7)
  4 jellies
  2 iguanas
  Terence (D:2)
  3 orc wizards
  12 mummies (Ossuary)
  Robin (D:3)
  8 gnolls
  3 river rats (Sewer)
  19 adders
  A white imp (D:6)
  An ufetubus (D:5)
  3 worms
  3 dart slugs
  22 orcs
  26 ball pythons
  9 bats
  10 endoplasms
  4 giant cockroaches
  11 hobgoblins
  10 jackals
  5 quokkas
  9 frilled lizards
  2 gnoll skeletons (Ossuary)
  15 goblins
  2 goblin skeletons (Ossuary)
  12 kobolds
  A kobold skeleton (Ossuary)
  3 orc skeletons (Ossuary)
  30 rats
  11 rat skeletons (Ossuary)
280 creatures vanquished.

Vanquished Creatures (others)
  30 plants (D:1)
30 creatures vanquished.

Grand Total: 310 creatures vanquished

Notes
Turn   | Place    | Note
-------+----------+-------------------------------------------
     0 | D:1      | Biblin the Hill Orc Fighter began the quest for the Orb.
     0 | D:1      | Reached XP level 1. HP: 19/19 MP: 1/1
    75 | D:1      | Reached XP level 2. HP: 25/27 MP: 2/2
   122 | D:1      | Reached skill level 3 in Axes
   261 | D:1      | Reached XP level 3. HP: 33/33 MP: 3/3
   543 | D:1      | Found a faded altar of an unknown god.
   988 | D:2      | Found a hazy altar of Hepliaklqana.
  1036 | D:2      | Reached skill level 4 in Axes
  1038 | D:2      | Reached XP level 4. HP: 40/40 MP: 4/4
  1051 | D:2      | Noticed Terence
  1070 | D:2      | Killed Terence
  1291 | D:2      | Reached skill level 5 in Axes
  1296 | D:2      | Reached XP level 5. HP: 46/47 MP: 5/5
  1902 | D:3      | Noticed Robin
  1959 | D:2      | HP: 2/47 [goblin/+2 dagger of electrocution[Robin] (18)]
  2234 | D:3      | Killed Robin
  3063 | D:4      | Found a radiant altar of Vehumet.
  3263 | D:4      | Reached skill level 6 in Axes
  3263 | D:4      | Reached XP level 6. HP: 53/53 MP: 6/6
  3302 | D:4      | Found a staircase to the Ecumenical Temple.
  3862 | D:4      | Reached skill level 7 in Axes
  3947 | D:4      | Found a sparkling altar of Nemelex Xobeh.
  3973 | Temple   | Entered the Ecumenical Temple
  4084 | Temple   | Became a worshipper of Warmaster Okawaru
  4316 | D:4      | Reached skill level 5 in Fighting
  4316 | D:4      | Reached XP level 7. HP: 59/61 MP: 7/7
  4425 | D:5      | Entered Level 5 of the Dungeon
  4677 | D:5      | Reached skill level 5 in Armour
  4701 | D:5      | Reached skill level 8 in Axes
  4841 | D:5      | Found a hide-covered altar of Uskayaw.
  4850 | D:5      | Reached * piety under Okawaru
  4901 | D:5      | Found Rodgh's Weapon Emporium.
  4985 | D:5      | Noticed Edmund
  5011 | D:5      | Killed Edmund
  5012 | D:5      | Reached XP level 8. HP: 59/69 MP: 8/8
  5147 | D:5      | Found Zuter's Book Emporium.
  5329 | D:6      | Reached skill level 9 in Axes
  5370 | D:6      | Found a sand-covered staircase.
  5375 | Ossuary  | Entered an ossuary
  5950 | D:6      | Reached ** piety under Okawaru
  5951 | D:6      | Reached skill level 10 in Axes
  5991 | D:6      | Found a glowing drain.
  6003 | Sewer    | Entered a sewer
  6966 | D:6      | Reached XP level 9. HP: 71/78 MP: 9/9
  6969 | D:6      | Reached skill level 11 in Axes
  7146 | D:6      | Reached skill level 5 in Shields
  7153 | D:6      | Reached *** piety under Okawaru
  7245 | D:6      | Noticed Maggie
  7252 | D:6      | Killed Maggie
  7262 | D:6      | Reached skill level 12 in Axes
  7670 | D:7      | Found a runed translucent door.
  7671 | D:7      | Noticed Crazy Yiuf
  7681 | D:7      | Killed Crazy Yiuf
  7969 | D:7      | Reached **** piety under Okawaru
  8276 | D:7      | Reached XP level 10. HP: 66/88 MP: 10/10
  8293 | D:7      | Reached skill level 13 in Axes
  8673 | D:8      | HP: 1/88 [acid dragon (5)]
  8675 | D:8      | Slain by an ice beast

Illustrated notes

Levels and vault maps discovered:
D:1:      dpeg_arrival_round_c, layout_loops_ring, basic_ecumenical_altar,
          kennysheep_boxes
D:2:      layout_loops_cross, basic_altar, minmay_shallow_snake_nest,
          uniq_terence
D:3:      layout_basic, uniq_robin
D:4:      minmay_skewed_foursquare, layout_layer_cave,
          mainiacjoe_overflow_small_starburst, vehumet_statue,
          minmay_temple_entry_statues_pillars
D:5:      layout_basic, lemuel_doored_altar, serial_shops,
          nicolae_shop_waterfront, nicolae_shop_crystal, hex_intersection,
          uniq_edmund
D:6:      layout_loops_ring, lightli_ossuary_entry_decrepit_ruins,
          portal_sewer_entry_d, minmay_quadrilaterals, uniq_maggie
D:7:      layout_loops_ring, uniq_crazy_yiuf_cottage
D:8:      layout_loops_corners, mainiacjoe_overflow_cross_hatched,
          dreamdust_mushroom_princess
Temple:   minmay_temple_bridge_d

Skill      XL: |  1  2  3  4  5  6  7  8  9 10 |
---------------+-------------------------------+-----
Fighting       | 4 5 6 8 |  8.3
Axes           | 3 4 5 6 7 8 10 12 13 | 13.2
Armour         | 4 5 6 7 |  7.8
Shields        | 4 5 |  5.4
Invocations    | |  0.1

Action                   |  1- 3 |  4- 6 |  7- 9 | 10-12 || total
-------------------------+-------+-------+-------+-------++-------
Melee: War axe           |    95 |   319 |   467 |    51 ||   932
Invok: Heroism           |       |       |     1 |     1 ||     2
  Use: Scroll            |     3 |    10 |    11 |     1 ||    25
       Potion            |       |       |     1 |     2 ||     3
Armor: Scale mail        |    68 |     7 |       |       ||    75
       Chain mail        |       |   134 |   129 |       ||   263
       Plate armour      |       |       |    28 |    16 ||    44
Dodge: Dodged            |    50 |    93 |   105 |     7 ||   255
Block: Buckler           |    28 |   183 |   182 |    23 ||   416
       Reflection        |       |     1 |     2 |       ||     3

Table legend: (Time is in decaauts)
 A = Elapsed time spent in this place.
 B = Non-inter-level travel time spent in this place.
 C = Inter-level travel time spent in this place.
 D = Time resting spent in this place.
 E = Time spent auto-exploring this place.
 F = Levels seen in this place.
 G = Mean time per level.
                   A        B        C        D        E       F      G
               +--------+--------+--------+--------+--------+-----+--------+
         Total |   8853 |   8486 |    367 |    867 |   5499 |  11 |  804.8 |
       Dungeon |   7497 |   7195 |    302 |    742 |   4764 |   8 |  937.1 |
        Temple |    188 |    123 |     65 |      0 |     71 |   1 |  188.0 |
         Sewer |    615 |    615 |      0 |    125 |    290 |   1 |  615.0 |
       Ossuary |    552 |    552 |      0 |      0 |    373 |   1 |  552.0 |
               +--------+--------+--------+--------+--------+-----+--------+

Top non-repeatable levels by time:
     D:4: 1295 daAuts
     D:6: 1215 daAuts
     D:2: 1068 daAuts
     D:3: 1008 daAuts
     D:1: 995 daAuts
     D:7: 936 daAuts
     D:5: 895 daAuts
   Sewer: 615 daAuts
 Ossuary: 552 daAuts
  Temple: 188 daAuts
     D:8: 81 daAuts
